 Dungeon Crawl Stone Soup version 0.29-a0-506-ga2e7fffb44 (webtiles) character file.

Game seed: 7064262474397368938

1160 Pelinal the Cleaver (level 8, -12/99 HPs)
             Began as a Hill Orc Fighter on May 29, 2022.
             Was an Initiate of Qazlal.
             Mangled by an ogre
             ... wielding a +0 giant club
              (26 damage)
             ... on level 6 of the Dungeon.
             The game lasted 00:07:01 (5278 turns).

Pelinal the Cleaver (Hill Orc Fighter)              Turns: 5278, Time: 00:07:01

Health: -12/99     AC:  9    Str: 19    XL:     8   Next: 39%
Magic:  10/10      EV: 10    Int:  8    God:    Qazlal [......]
Gold:   282        SH:  4    Dex: 12    Spells: 7/7 levels left

rFire   . . .      SeeInvis .   a - +0 war axe
rCold   . . .      Faith    .   c - +0 buckler
rNeg    . . .      Spirit   .   h - +0 ring mail
rPois   .          Reflect  .   (no helmet)
rElec   .          Harm     .   (no cloak)
rCorr   .          Rampage  .   (no gloves)
Will    .....      Clarity  +   (no boots)
Stlth   ..........              (no amulet)
HPRegen 0.26/turn               j - +4 ring of protection
MPRegen 0.12/turn               (no ring)

@: mighty, berserking, attractive, very quick
A: clarity
a: Renounce Religion, Convert to Beogh


You were on level 6 of the Dungeon.
You worshipped Qazlal.
Qazlal was noncommittal.
You visited 2 branches of the dungeon, and saw 7 of its levels.

You collected 282 gold pieces.

Inventory:

Hand Weapons
 a - a +0 war axe (weapon)
Missiles
 w - 6 poisoned darts (quivered)
 A - a curare-tipped dart
Armour
 b - a +0 scale mail
 c - a +0 buckler (worn)
 h - a +0 ring mail (worn)
Jewellery
 j - a +4 ring of protection (left hand)
Wands
 k - a wand of flame (19)
Scrolls
 f - 2 scrolls of enchant weapon {unknown}
 g - 7 scrolls of identify {unknown}
 i - a scroll of poison {unknown}
 l - 2 scrolls of immolation {unknown}
 m - 5 scrolls of teleportation {unknown}
 n - a scroll of enchant armour {unknown}
 o - a scroll of noise {unknown}
 t - 3 scrolls of vulnerability {unknown}
 y - a scroll of torment {unknown}
 z - 4 scrolls of magic mapping {unknown}
Potions
 d - a potion of might
 e - a potion of heal wounds {unknown}
 p - 2 potions of brilliance
 q - a potion of magic {unknown}
 r - 3 potions of attraction
 s - a potion of mutation
 u - a potion of curing
 v - a potion of berserk rage
 x - 2 potions of lignification {unknown}


   Skills:
 + Level 4.2 Fighting
 * Level 12.0 Axes
 - Level 3.2 Armour
 - Level 3.2 Shields
 + Level 3.7 Invocations


You had 7 spell levels left.
You didn't know any spells.
Your spell library contained the following spells:

 Spells                   Type           Power      Damage    Failure   Level
 Necrotize                Necr           0%         1d4       67%         1
 Vampiric Draining        Necr           0%         2d6       96%         3
 Agony                    Necr           0%         N/A       100%        5


Dungeon Overview and Level Annotations

Branches:
Dungeon (6/15)             Temple (1/1) D:4

Altars:
Cheibriados
Dithmenos
Elyvilon
Fedhas
Hepliaklqana
Kikubaaqudgha
Makhleb
Qazlal
Ru
Sif Muna
Vehumet
Xom
Zin
The Shining One
Lugonu

Annotations:
D:2 1 runed translucent door, Crazy Yiuf


Innate Abilities, Weirdness & Mutations

You possess an exceptional clarity of mind.


Message History

A kobold comes into view. It is wielding a +0 whip.
The orc warrior hits you with a +0 mace!
* * * LOW HITPOINT WARNING * * *
The ogre is attracted toward you. The kobold is attracted toward you.
Unknown command.
You barely miss the orc warrior.
The orc warrior is lightly wounded.
The kobold shouts!
The orc priest shouts, "Surrender to Beogh and we'll let you live!"
The orc priest shouts, "Join the one true god or die!"
You hear a shout! x2
The orc warrior barely misses you.
Okay, then.
It was a potion of curing.
You feel better.
The orc warrior hits you with a +0 mace.
* * * LOW HITPOINT WARNING * * *
A kobold brigand comes into view.
It is wielding a +0 whip and quivering poisoned darts.
The kobold brigand is attracted toward you.
Unknown command.
Unknown command.
It was a potion of berserk rage.
A red film seems to cover your vision as you go berserk!
You feel yourself moving faster!
You feel mighty!
The orc warrior hits you with a +0 mace!
* * * LOW HITPOINT WARNING * * *
Unknown command.
You slice the orc warrior!!
The orc warrior is severely wounded.
The orc warrior barely misses you.
You slice the orc warrior!!
You kill the orc warrior!
Qazlal accepts your kill. The ogre is attracted toward you.
Your Axes skill increases to level 12!
Unknown command.
You slash the ogre!
The ogre is heavily wounded.
The orc priest shouts, "Join the one true god or die!"
The ogre hits you with a +0 giant club!!
You die...

.#
#...........##
.#
###########..#
.# #.....# .
####..###
#####....#
##...##...#
##....o##..#
#....{oo#..#
#.#._o#.#@.#
$..##.##oO###
#...###.Ko#
#$!.....K##
#.#)....## #
###.### #. ##


You could see a kobold brigand, an ogre, an orc priest, an orc and a kobold.

Vanquished Creatures
  Prince Ribbit (D:5)
  An orc warrior (D:6)
  An ice beast (D:3)
  A kobold brigand (D:5)
  A bullfrog (D:6)
  A gnoll sergeant (D:5)
  A necrophage (D:6)
  3 scorpions
  2 jellies
  An orc priest (D:3)
  An iguana (D:6)
  An orc wizard (D:3)
  Robin (D:2)
  5 gnolls (D:5)
  3 adders
  A worm (D:4)
  2 dart slugs
  12 orcs
  2 endoplasms (D:1)
  3 giant cockroaches
  17 goblins
  9 hobgoblins
  11 kobolds
  3 quokkas
  6 ball pythons
  5 bats
  3 frilled lizards
  5 rats
103 creatures vanquished.

Notes
Turn   | Place    | Note
-------+----------+-------------------------------------------
     0 | D:1      | Pelinal the Hill Orc Fighter began the quest for the Orb.
     0 | D:1      | Reached XP level 1. HP: 19/19 MP: 1/1
    69 | D:1      | Reached skill level 3 in Axes
   113 | D:1      | Reached XP level 2. HP: 27/27 MP: 2/2
   153 | D:1      | Found a faded altar of an unknown god.
   307 | D:1      | Reached skill level 4 in Axes
   480 | D:2      | Reached XP level 3. HP: 33/33 MP: 3/3
   517 | D:2      | Found a sacrificial altar of Ru.
   621 | D:2      | Noticed Robin
   635 | D:2      | Gained mutation: You possess an exceptional clarity of
                  | mind. [potion of mutation]
   643 | D:2      | Killed Robin
   644 | D:2      | Reached skill level 5 in Axes
   644 | D:2      | Reached XP level 4. HP: 3/40 MP: 4/4
  1070 | D:2      | Found a runed translucent door.
  1071 | D:2      | Noticed Crazy Yiuf
  1788 | D:3      | Found a white marble altar of Elyvilon.
  1788 | D:3      | Found a radiant altar of Vehumet.
  1798 | D:3      | Found a glowing golden altar of the Shining One.
  1798 | D:3      | You fall into a shaft and drop 2 floors!
  1798 | D:5      | Entered Level 5 of the Dungeon
  1845 | D:4      | Found a sacrificial altar of Ru.
  1891 | D:4      | Found a glowing silver altar of Zin.
  1901 | D:4      | Reached skill level 6 in Axes
  1945 | D:3      | Reached XP level 5. HP: 22/46 MP: 5/5
  2269 | D:3      | Reached skill level 7 in Axes
  2385 | D:3      | Noticed an ice beast
  2398 | D:3      | Killed an ice beast
  2399 | D:3      | Reached skill level 8 in Axes
  2399 | D:3      | Reached XP level 6. HP: 52/52 MP: 6/6
  2871 | D:4      | Found a staircase to the Ecumenical Temple.
  2914 | Temple   | Entered the Ecumenical Temple
  2957 | Temple   | Became a worshipper of Qazlal Stormbringer
  3372 | D:5      | Reached skill level 9 in Axes
  3417 | D:5      | Found a burning altar of Makhleb.
  3458 | D:5      | Reached XP level 7. HP: 51/59 MP: 7/7
  4313 | D:5      | Noticed Prince Ribbit
  4339 | D:5      | Killed Prince Ribbit
  4340 | D:5      | Reached skill level 10 in Axes
  4636 | D:5      | Reached skill level 1 in Invocations
  4731 | D:5      | Reached skill level 11 in Axes
  4871 | D:6      | Reached XP level 8. HP: 58/66 MP: 9/9
  5262 | D:6      | Found a shadowy altar of Dithmenos.
  5278 | D:6      | Reached skill level 12 in Axes
  5278 | D:6      | Mangled by an ogre

Illustrated notes

Levels and vault maps discovered:
D:1:      matt_arrival_refuge, layout_rooms, basic_ecumenical_altar
D:2:      layout_basic, basic_altar, minmay_tripent, uniq_robin,
          uniq_crazy_yiuf_cottage
D:3:      layout_rooms, mainiacjoe_overflow_chevrons, overflow_temple_1_default,
          mainiacjoe_overflow_alcove_1
D:4:      layout_rooms, mainiacjoe_overflow_tiny_flanked,
          nicolae_ru_sacrificial_ziggurat, minmay_temple_entry_glass
D:5:      layout_basic, mainiacjoe_overflow_boulevard, uniq_prince_ribbit1
D:6:      layout_basic, marbit_many_paths, mainiacjoe_overflow_catwalk,
          lemuel_crystal_altar, nicolae_dithmenos_through_a_glass_darkly,
          uniq_duvessa
Temple:   corrupted_temple

Skill      XL: |  1  2  3  4  5  6  7  8 |
---------------+-------------------------+-----
Axes           | 3 4 5 6 8 9 11 12 | 12.0
Fighting       | 4 |  4.2
Invocations    | 2 3 |  3.7
Armour         | |  3.2
Shields        | |  3.2

Action                   |  1- 3 |  4- 6 |  7- 9 || total
-------------------------+-------+-------+-------++-------
Melee: War axe           |    68 |   139 |    95 ||   302
Throw: Dart              |       |       |     6 ||     6
Evoke: Wand              |       |     5 |     4 ||     9
  Use: Potion            |     2 |       |     4 ||     6
Armor: Scale mail        |     6 |       |       ||     6
       Ring mail         |    39 |    54 |    26 ||   119
Dodge: Dodged            |    37 |    71 |    40 ||   148
Block: Buckler           |    22 |    26 |    18 ||    66

Table legend: (Time is in decaauts)
 A = Elapsed time spent in this place.
 B = Non-inter-level travel time spent in this place.
 C = Inter-level travel time spent in this place.
 D = Time resting spent in this place.
 E = Time spent auto-exploring this place.
 F = Levels seen in this place.
 G = Mean time per level.
                   A        B        C        D        E       F      G
               +--------+--------+--------+--------+--------+-----+--------+
         Total |   5329 |   5087 |    242 |   1177 |   3092 |   7 |  761.3 |
       Dungeon |   5269 |   5056 |    213 |   1177 |   3070 |   6 |  878.2 |
        Temple |     59 |     30 |     29 |      0 |     22 |   1 |   59.0 |
               +--------+--------+--------+--------+--------+-----+--------+

Top non-repeatable levels by time:
     D:5: 1366 daAuts
     D:2: 1324 daAuts
     D:4: 977 daAuts
     D:3: 695 daAuts
     D:1: 483 daAuts
     D:6: 421 daAuts
  Temple: 59 daAuts
